 Dungeon Crawl Stone Soup version 0.23.0 (webtiles) character file.

Game seed: 17960299247288170217

24493 Lavandula the Brawler (level 12, -13/118 HPs)
             Began as a Troll Wanderer on Feb 16, 2019.
             Was a High Priest of Zin.
             Mangled by a spiny frog (19 damage)
             ... on level 4 of the Lair of Beasts.
             The game lasted 00:51:00 (13164 turns).

Lavandula the Brawler (Troll Wanderer)             Turns: 13164, Time: 00:51:00

Health: -13/118    AC:  8    Str: 26    XL:     12   Next: 81%
Magic:  16/16      EV: 11    Int:  8    God:    Zin [*****.]
Gold:   1516       SH:  0    Dex: 10    Spells: 7/13 levels left

rFire    . . .     SeeInvis .     - Unarmed
rCold    . . .     Gourm    +   (no shield)
rNeg     . . .     Faith    .   r - +0 robe {MR+}
rPois    .         Spirit   .   (helmet restricted)
rElec    .         Reflect  .   J - +1 cloak {MR+}
rCorr    .         Harm     .   (gloves unavailable)
MR       ++...                  (boots unavailable)
Stlth    +.........             (no amulet)
HPRegen  0.69/turn              (no ring)
MPRegen  0.15/turn              (no ring)

@: lethally poisoned (-13 -> -46), heavily drained
A: large, unfitting armour, claws 3, fast metabolism 3, gourmand, regeneration
1, shaggy fur 1, tough skin 3
a: Recite, Vitalisation, Imprison, Sanctuary, Donate Gold, Renounce Religion


You were on level 4 of the Lair of Beasts.
You worshipped Zin.
Zin was extremely pleased with you.
You were not hungry.

You visited 3 branches of the dungeon, and saw 17 of its levels.
You also visited: Ossuary and Bailey.

You collected 1682 gold pieces.
You donated 166 gold pieces to Zin.

Inventory:

Hand Weapons
 k - a +0 blowgun
 M - a +5 demon blade of electrocution
Missiles
 l - 57 poisoned needles
 D - 9 tomahawks
 H - 3 needles of frenzy
 K - 5 throwing nets
 N - 2 javelins (quivered)
 P - 8 curare-tipped needles
Armour
 r - a +0 robe of magic resistance (worn)
 J - a +1 cloak of magic resistance (worn)
 R - the +3 robe of Baldness {rC+, unknown}
   (You found it on level 2 of the Lair of Beasts)

   It protects you from cold.
Magical Staves
 O - an uncursed staff of summoning {unknown}
 V - an uncursed staff of power {unknown}
Wands
 c - a wand of enslavement (7)
 g - a wand of random effects (29)
 n - a wand of digging (7)
 S - a wand of disintegration (16)
 T - a wand of iceblast (20)
Scrolls
 b - 4 scrolls of immolation
 e - 15 scrolls of identify {unknown}
 h - 3 scrolls of amnesia {unknown}
 i - 9 scrolls of remove curse {unknown}
 o - 2 scrolls of enchant weapon {unknown}
 p - 8 scrolls of teleportation {unknown}
 s - 2 scrolls of fog {unknown}
 t - a scroll of vulnerability {unknown}
 y - 3 scrolls of blinking {unknown}
 z - 11 scrolls of random uselessness {unknown}
 B - a scroll of noise {unknown}
 C - 2 scrolls of fear {unknown}
 L - 2 scrolls of magic mapping {unknown}
 U - a scroll of enchant armour {unknown}
Potions
 a - 3 potions of agility {unknown}
 d - 2 potions of magic {unknown}
 j - 5 potions of heal wounds {unknown}
 m - 6 potions of degeneration {unknown}
 q - a potion of cancellation {unknown}
 u - 3 potions of haste {unknown}
 v - 2 potions of brilliance {unknown}
 w - a potion of lignification {unknown}
 x - 2 potions of berserk rage {unknown}
 A - 2 potions of ambrosia {unknown}
 E - 4 potions of mutation {unknown}
 F - 3 potions of flight {unknown}
 G - a potion of might {unknown}
 I - 2 potions of curing {unknown}
 Q - a potion of resistance {unknown}
Comestibles
 f - 12 rations


   Skills:
 - Level 7.3(5.6) Fighting
   Level 1.0(0.0) Axes
 - Level 5.7(4.1) Throwing
 - Level 4.9(3.4) Dodging
   Level 1.0(0.0) Shields
 - Level 15.0(13.0) Unarmed Combat
 - Level 1.0(0.0) Spellcasting
   Level 2.0(0.5) Hexes
 - Level 1.0(0.0) Ice Magic
 - Level 7.0(5.3) Invocations
 + Level 3.4(1.9) Evocations


You had 7 spell levels left.
You knew the following spells:

 Your Spells              Type           Power        Failure   Level  Hunger
a - Ozocubu's Armour      Chrm/Ice       #.......     78%         3    ####...
b - Mephitic Cloud        Conj/Pois/Air  #.......     78%         3    ####...

Your spell library contained the following spells:

 Spells                   Type           Power        Failure   Level  Hunger
 Animate Skeleton         Necr           N/A          41%         1    ##.....
 Freeze                   Ice            #...         41%         1    ##.....
 Pain                     Necr           #...         41%         1    ##.....
 Sandblast                Erth           #.....       41%         1    ##.....
 Sting                    Conj/Pois      #...         41%         1    ##.....
 Summon Small Mammal      Summ           #...         41%         1    ##.....
 Slow                     Hex            #.......     47%         2    ###....
 Call Imp                 Summ           #.......     54%         2    ###....
 Passwall                 Tmut/Erth      #.......     54%         2    ###....
 Poisonous Vapours        Pois/Air       #.....       54%         2    ###....
 Song of Slaying          Chrm           #.......     54%         2    ###....
 Sublimation of Blood     Necr           #.........   54%         2    ###....
 Throw Frost              Conj/Ice       #.....       54%         2    ###....
 Summon Guardian Golem    Hex/Summ       #.......     75%         3    ####...
 Call Canine Familiar     Summ           #.......     78%         3    ####...
 Lesser Beckoning         Tloc           #.........   78%         3    ####...
 Recall                   Summ/Tloc      N/A          78%         3    ####...
 Regeneration             Chrm/Necr      #.........   78%         3    ####...
 Stone Arrow              Conj/Erth      #.....       78%         3    ####...
 Vampiric Draining        Necr           #.........   78%         3    ####...
 Animate Dead             Necr           N/A          99%         4    #####..
 Olgreb's Toxic Radiance  Pois           #.......     99%         4    #####..
 Summon Ice Beast         Ice/Summ       #.......     99%         4    #####..
 Summon Lightning Spire   Summ/Air       #.......     99%         4    #####..
 Throw Icicle             Conj/Ice       #.......     99%         4    #####..
 Venom Bolt               Conj/Pois      #.........   100%        5    ######.
 Death Channel            Necr           #.........   100%        6    #######


Dungeon Overview and Level Annotations

Branches:
Dungeon (11/15)            Temple (0/1) D:4            Lair (4/6) D:8
  Snake (0/4) Lair:2          Orc (2/2) D:10
  Swamp: Lair:2-4    Shoals: Lair:2-4       Elf: Orc:2

Altars:
Fedhas
Okawaru
Xom
Zin
Beogh
Jiyva

Shops:
Orc:2 [

Portals:
Trove: D:10 (give 9 potions of haste)

Annotations:
D:3 1 runed translucent door, Folque's ghost, amateur NaAE
D:8 exclusion: 2 electric eels
Lair:2 3 runed translucent doors, exclusion: 3 doors, Zapai's ghost, journeyman DgAr
Orc:2 Saint Roka


Innate Abilities, Weirdness & Mutations

You are too large for most types of armour.
You have claws for hands.
Your metabolism is lightning-fast.
You like to eat raw meat.
Your natural rate of healing is unusually fast.
You are covered in fur. (AC +1)
You have extremely tough skin. (AC +3)


Message History

Aiming: Enslavement
Press: ? - help, Shift-Dir - straight line, f/p - spiny frog
Aim: a spiny frog (severely wounded, chance to defeat MR: 50%)
Okay, then.
Evoke which item? (* to show all) (? for menu, Esc to quit)
Okay, then.
Okay, then.
Okay, then.
You eat one of the 13 rations.
That ration really hit the spot!
* * * LOW HITPOINT WARNING * * *
You feel very sick. The spiny frog stings you!
* * * LOW HITPOINT WARNING * * *
You are more poisoned.
The spiny frog poisons you!
You fail to use your ability.
* * * LOW HITPOINT WARNING * * *
You feel very sick. The spiny frog stings you!!
You die...

#### ###
###..####.#####################
##......##...##.#....##P##.##.##
##.............................P.
#...............#................
.................................
.................................
#.............[.@.......###..##..
#........##....F.........##....#.
.†.......##......#............#..
..........#..(...##..##........P.
.............(...P...##..........
.....................%...........
.................................
.........(.......................
P........ .......................


You could see a spiny frog.

Vanquished Creatures
  Harold (D:8)
  3 two-headed ogres
  A hydra (Lair:4)
  Urug (D:10)
  Nergalle (D:10)
  An unseen horror (D:10)
  2 orc knights (Orc:1)
  Maurice (D:9)
  3 black mambas
  4 spiny frogs
  A gargoyle (D:10)
  2 komodo dragons
  A troll (Orc:1)
  6 hippogriffs
  2 wyverns
  5 yaks
  A basilisk (Lair:1)
  3 nagas (Lair:2)
  4 wargs
  2 soldier ants
  6 water moccasins
  10 porcupines
  22 orc warriors
  5 sky beasts
  An ice beast (D:9)
  5 phantoms
  13 ogres
  5 centaurs
  11 crocodiles
  10 bullfrogs
  2 elf zombies (D:7)
  8 gnoll sergeants (Bailey)
  An elf skeleton (D:7)
  4 scorpions
  5 wights (D:9)
  4 howler monkeys
  4 electric eels (D:10)
  2 centaur zombies
  5 crimson imps
  4 quasits
  6 gnoll shamans (Bailey)
  6 hounds
  20 orc wizards
  A human zombie (Ossuary)
  11 orc priests
  2 bullfrog skeletons
  2 jellies
  A human skeleton (D:7)
  9 worker ants
  An iguana (D:6)
  9 hell rats
  A killer bee zombie (D:7)
  A hound zombie (D:5)
  5 mummies (Ossuary)
  6 adders
  20 gnolls
  7 river rats (Lair:3)
  2 shadow imps
  4 oozes
  An adder zombie (D:8)
  2 adder skeletons (D:8)
  3 worms
  3 dart slugs
  3 leopard geckos
  83 orcs
  2 ball pythons
  6 bats
  4 giant cockroaches
  7 goblins
  5 hobgoblins
  30 jackals
  2 quokkas
  2 frilled lizards
  A gnoll zombie (Ossuary)
  A goblin zombie (Ossuary)
  A hobgoblin zombie (Ossuary)
  4 kobolds
  A leopard gecko skeleton (D:5)
  2 orc skeletons (D:7)
  3 orc zombies (Ossuary)
  2 quokka zombies
  6 rats
460 creatures vanquished.

Vanquished Creatures (others)
  An orc wizard (D:8)
  3 fungi
  A pillar of salt (Orc:1)
  29 plants
34 creatures vanquished.

Grand Total: 494 creatures vanquished

Notes
Turn   | Place    | Note
-------+----------+-------------------------------------------
     0 | D:1      | Lavandula the Troll Wanderer began the quest for the Orb.
     0 | D:1      | Lavandula set off with the following items: a +0 robe, a +0
                  | club, 2 rations; and the following spells available to
                  | memorise: Freeze, Sandblast, Throw Frost, Ozocubu's Armour,
                  | Stone Arrow, Summon Ice Beast, Throw Icicle
     0 | D:1      | Reached XP level 1. HP: 19/19 MP: 1/1
    20 | D:1      | Reached skill level 1 in Unarmed Combat
    51 | D:1      | Reached XP level 2. HP: 26/27 MP: 2/2
   222 | D:1      | Reached skill level 2 in Unarmed Combat
   518 | D:2      | HP: 1/27 [gnoll/+0 spear (6)]
   574 | D:2      | Reached XP level 3. HP: 21/33 MP: 3/3
   599 | D:2      | Reached skill level 3 in Unarmed Combat
   705 | D:2      | Reached XP level 4. HP: 40/41 MP: 4/4
  1128 | D:3      | Reached skill level 4 in Unarmed Combat
  1238 | D:3      | Reached skill level 5 in Unarmed Combat
  1238 | D:3      | Reached XP level 5. HP: 40/48 MP: 5/5
  1560 | D:3      | Found a runed translucent door.
  1560 | D:3      | Noticed Folque's ghost (amateur NaAE)
  1599 | D:3      | Found a faded altar of an unknown god.
  1609 | D:3      | Became a worshipper of Zin the Law-Giver
  1609 | D:3      | Reached * piety under Zin
  1609 | D:3      | Reached ** piety under Zin
  1739 | D:4      | Noticed a phantom
  1769 | D:4      | Killed a phantom
  1769 | D:4      | Reached skill level 6 in Unarmed Combat
  1769 | D:4      | Reached XP level 6. HP: 45/55 MP: 6/6
  1816 | D:4      | Learned a level 3 spell: Ozocubu's Armour
  1899 | D:4      | Reached skill level 7 in Unarmed Combat
  1963 | D:4      | Found a staircase to the Ecumenical Temple.
  1994 | D:4      | Reached XP level 7. HP: 52/62 MP: 7/7
  2049 | D:4      | Reached skill level 1 in Invocations
  2192 | D:5      | Entered Level 5 of the Dungeon
  2375 | D:5      | Found an iron altar of Okawaru.
  2462 | D:5      | Reached skill level 8 in Unarmed Combat
  2462 | D:5      | Reached XP level 8. HP: 46/70 MP: 10/10
  2498 | D:5      | You fall through a shaft for 3 floors!
  2793 | D:8      | Reached skill level 9 in Unarmed Combat
  2801 | D:8      | Noticed a hippogriff
  2812 | D:8      | Killed a hippogriff
  2850 | D:7      | Noticed a hippogriff
  2960 | D:6      | Reached skill level 10 in Unarmed Combat
  2985 | D:6      | Reached *** piety under Zin
  3115 | D:7      | Reached XP level 9. HP: 73/76 MP: 11/11
  3176 | D:7      | Reached skill level 11 in Unarmed Combat
  3204 | D:7      | Found a sand-covered staircase.
  3230 | Ossuary  | Entered an ossuary
  3523 | D:7      | Reached **** piety under Zin
  3681 | D:7      | Found a shimmering altar of Xom.
  4236 | D:8      | Noticed Harold
  4466 | D:7      | Learned a level 3 spell: Mephitic Cloud
  4643 | D:8      | Reached skill level 5 in Invocations
  4648 | D:8      | Reached XP level 10. HP: 36/84 MP: 12/12
  4792 | D:8      | Killed Harold
  5045 | D:8      | Noticed a two-headed ogre
  5342 | D:8      | Killed a two-headed ogre
  5342 | D:8      | Reached skill level 12 in Unarmed Combat
  5618 | D:9      | Noticed a two-headed ogre
  5639 | D:9      | Killed a two-headed ogre
  5784 | D:9      | Noticed Maurice
  5840 | D:9      | Reached ***** piety under Zin
  5861 | D:9      | Killed Maurice
  5861 | D:9      | Reached skill level 13 in Unarmed Combat
  5935 | D:9      | Found a flagged portal.
  6020 | Bailey   | Entered a bailey
  6251 | Bailey   | Reached XP level 11. HP: 80/91 MP: 15/15
  6331 | Bailey   | Identified Sif Muna's Tome of Doomed Displacement
  6574 | D:10     | Entered Level 10 of the Dungeon
  6617 | D:10     | Noticed Urug
  6617 | D:10     | Noticed a two-headed ogre
  6830 | D:10     | Killed a two-headed ogre
  6844 | D:10     | Killed Urug
  6844 | D:10     | Reached skill level 14 in Unarmed Combat
  6877 | D:10     | Was placed under penance by Zin
  6930 | D:10     | Killed an unseen horror
  7003 | D:11     | Was forgiven by Zin
  7028 | D:11     | Reached ****** piety under Zin
  7055 | D:11     | Noticed a red ugly thing
  7065 | D:11     | Noticed an ogre mage
  7067 | D:11     | Noticed an ogre mage
  7254 | D:10     | Found a portal to a secret trove of treasure.
  7482 | D:9      | Found a blossoming altar of Fedhas.
  7482 | D:9      | Found an iron altar of Okawaru.
  7841 | D:10     | Reached skill level 5 in Throwing
  7901 | D:10     | Found a staircase to the Orcish Mines.
  8006 | Orc:1    | Entered Level 1 of the Orcish Mines
  8211 | Orc:1    | Noticed Nergalle
  8260 | D:10     | Killed Nergalle
  8507 | Orc:1    | Found a roughly hewn altar of Beogh.
  8714 | Orc:1    | Noticed an orc knight
  8818 | Orc:1    | Killed an orc knight
  8919 | Orc:2    | Entered Level 2 of the Orcish Mines
  9142 | Orc:2    | Noticed Saint Roka
  9156 | Orc:2    | Reached XP level 12. HP: 71/101 MP: 16/16
  9635 | Orc:2    | Found Lumpakeu's Antique Armour Shop.
 10085 | Orc:2    | Noticed a two-headed ogre
 10112 | Orc:2    | Noticed an orc warlord
 10275 | D:8      | Found a staircase to the Lair.
 10280 | Lair:1   | Entered Level 1 of the Lair of Beasts
 10717 | Lair:1   | Reached skill level 5 in Fighting
 11183 | Lair:2   | Reached skill level 15 in Unarmed Combat
 11441 | Lair:2   | Found a staircase to the Snake Pit.
 11501 | Lair:2   | Got a silken robe
 12058 | Lair:2   | Found a runed translucent gate.
 12059 | Lair:2   | Found a runed translucent gate.
 12061 | Lair:2   | Found a runed translucent gate.
 12063 | Lair:2   | Found a viscous altar of Jiyva.
 12063 | Lair:2   | Noticed Zapai's ghost (journeyman DgAr)
 12118 | Lair:2   | Noticed a five-headed hydra
 12455 | Lair:3   | Identified Witchcraft Continued
 12502 | Lair:3   | Reached skill level 1 in Evocations
 12939 | Lair:4   | Killed a five-headed hydra
 13164 | Lair:4   | Mangled by a spiny frog

Skill      XL: |  1  2  3  4  5  6  7  8  9 10 11 12 |
---------------+-------------------------------------+-----
Unarmed Combat | 1 2 3 5 6 7 8 10 11 13 14 15 | 15.0
Invocations    | 4 5 7 |  7.0
Dodging        | 4 |  4.9
Throwing       | 5 |  5.7
Fighting       | 2 7 |  7.3
Evocations     | 3 |  3.4
Axes           | |  1.0
Shields        | |  1.0
Spellcasting   | |  1.0
Hexes          | |  2.0
Ice Magic      | |  1.0

Action                   |  1- 3 |  4- 6 |  7- 9 | 10-12 || total
-------------------------+-------+-------+-------+-------++-------
Melee: Unarmed           |    90 |   172 |   336 |   765 ||  1363
       Club              |     4 |       |       |       ||     4
       Punch             |     2 |     3 |    19 |    41 ||    65
 Fire: Blowgun           |       |     1 |     6 |    16 ||    23
Throw: Tomahawk          |       |       |     2 |    40 ||    42
       Throwing net      |       |       |       |     2 ||     2
       Javelin           |       |       |       |    12 ||    12
Invok: Recite            |       |       |    29 |    62 ||    91
       Vitalisation      |       |       |     1 |     1 ||     2
       Imprison          |       |       |       |     2 ||     2
       Sanctuary         |       |       |       |     2 ||     2
Evoke: Wand              |       |       |       |    22 ||    22
 Stab: Sleeping          |     1 |       |       |       ||     1
       Distracted        |       |     1 |       |       ||     1
       Confused          |       |       |     2 |     9 ||    11
       Invisible         |       |       |     2 |    10 ||    12
       Paralysed         |       |       |       |    19 ||    19
  Eat: Chunk             |    12 |    10 |     9 |    44 ||    75
       Ration            |       |       |     3 |    10 ||    13
Armor: Robe              |    53 |    60 |   116 |   112 ||   341
Dodge: Dodged            |    45 |    72 |   140 |   328 ||   585
